 Dungeon Crawl Stone Soup version 0.27-a0-1139-g28e009f8a6 (webtiles) character file.

Game seed: 7369368498348282853

92 Zeld the Skirmisher (level 4, -4/33 HPs)
             Began as an Octopode Fighter on May 8, 2021.
             Slain by a gnoll
             ... wielding a +4 spear
              (11 damage)
             ... on level 3 of the Dungeon.
             The game lasted 00:02:51 (3138 turns).

Zeld the Skirmisher (Octopode Fighter)              Turns: 3138, Time: 00:02:51

Health: -4/33      AC:  1    Str: 16    XL:     4   Next: 60%
Magic:  4/4        EV: 11    Int: 10    God:
Gold:   145        SH:  9    Dex: 11    Spells: 3/3 levels left

rFire    . . .     SeeInvis .   a - +0 war axe
rCold    . . .     Faith    .   b - +0 kite shield
rNeg     . . .     Spirit   .   (helmet restricted)
rPois    .         Reflect  .   (no amulet)
rElec    .         Harm     .   (no ring)
rCorr    .         Rampage  .   (no ring)
Will     .....                  (no ring)
Stlth    ++........             (no ring)
HPRegen  0.11/turn              (no ring)
MPRegen  0.09/turn              (no ring)
                                (no ring)
                                (no ring)

@: no status effects
A: almost no armour, amphibious, 8 rings, camouflage 1, gelatinous body 1,
(nimble swimmer 1), tentacles
a: no special abilities


You were on level 3 of the Dungeon.
You visited 1 branch of the dungeon, and saw 3 of its levels.

You collected 145 gold pieces.

Inventory:

Hand Weapons
 a - a +0 war axe (weapon)
Missiles
 d - 16 poisoned darts (quivered)
Armour
 b - a +0 kite shield (worn)
Scrolls
 e - a scroll of immolation {unknown}
 f - a scroll of identify {unknown}
 g - a scroll of vulnerability {unknown}
 h - 2 scrolls of teleportation {unknown}
 i - a scroll of amnesia {unknown}
Potions
 c - 2 potions of might


   Skills:
 * Level 3.8 Fighting
 * Level 3.0 Axes
 + Level 1.0 Throwing
 - Level 3.0 Dodging
 * Level 3.7 Shields


You had 3 spell levels left.
You didn't know any spells.
Your spell library was empty.

Dungeon Overview and Level Annotations

Branches:
Dungeon (3/15)

Altars:


Innate Abilities, Weirdness & Mutations

You cannot wear most types of armour.
You are amphibious.
You can wear up to eight rings at the same time.
Your skin changes colour to match your surroundings (Stealth+).
Your rubbery body absorbs attacks. (AC +1, EV +1)
((You are camouflaged near water. (Stealth+)))
You have tentacles for arms and can constrict up to eight enemies at once.


Message History

You hit the jackal but do no damage. You constrict the jackal.
The jackal bites you.
* * * LOW HITPOINT WARNING * * *
The jackal barely misses you. The gnoll completely misses you.
Unknown command.
You release your grip on the jackal.
The jackal misses you. You block the gnoll's attack.
You block the jackal's attack.
A jackal and 2 gnolls come into view.
The gnoll shouts!
The jackal closely misses you. You block the jackal's attack.
An endoplasm comes into view.
The jackal barely misses you.
You closely miss the jackal.
The gnoll shouts!
Your grab misses the jackal. Your squeeze misses the jackal.
The jackal is heavily wounded.
You block the jackal's attack. You block the gnoll's attack.
The jackal closely misses you. You block the jackal's attack.
The jackal closely misses you. The endoplasm hits you.
* * * LOW HITPOINT WARNING * * *
The jackal bites you.
* * * LOW HITPOINT WARNING * * *
You barely miss the jackal. Your grab misses the jackal.
You squeeze the jackal.
The jackal is almost dead.
The jackal bites you.
* * * LOW HITPOINT WARNING * * *
The gnoll barely misses you.
The jackal bites you but does no damage.
The jackal barks!
The jackal bites you but does no damage.
You block the jackal's attack.
Found a scroll labelled QIUNAM WYBB.
You block the jackal's attack.
You slash the jackal!
You kill the jackal!
The gnoll hits you from afar with a +4 spear!
You die...

#.# #####.# #.# #...... ..
###.# #.. ..... ... ....#
#.# #.#.# ... ###.# ##.#
#.#.# #.# #.###..# #.#.#
#.# .# ###)##.#.###.#.# #.#
#.#
.............#.####.#####.#
###.##..........@.g....?..#
#............####Jh####.#
#[.....#####.####..# #.#
#.####.####....##..####.#
#.. .........#....J.Jh.#
#.. ............>######g#
#.######.##.#.#.#.## #.#
#.# #..#....#....####.# #.#
#. ##.#####..h....#


You could see a gnoll, an endoplasm and a jackal.

Vanquished Creatures
  2 adders
  5 endoplasms
  5 giant cockroaches (D:2)
  3 goblins
  3 hobgoblins (D:1)
  25 jackals
  5 kobolds
  3 quokkas
  3 ball pythons
  4 frilled lizards
  5 rats
63 creatures vanquished.

Notes
Turn   | Place    | Note
-------+----------+-------------------------------------------
     0 | D:1      | Zeld the Octopode Fighter began the quest for the Orb.
     0 | D:1      | Reached XP level 1. HP: 16/16 MP: 1/1
    34 | D:1      | Reached XP level 2. HP: 7/21 MP: 2/2
   653 | D:1      | Reached XP level 3. HP: 3/26 MP: 3/3
  1799 | D:3      | Reached XP level 4. HP: 15/32 MP: 4/4
  2666 | D:2      | Reached skill level 1 in Throwing
  3138 | D:3      | Slain by a gnoll

Illustrated notes

Levels and vault maps discovered:
D:1:      dpeg_arrival_windows_large_door, layout_rooms
D:2:      layout_rooms, st_stairs_7
D:3:      layout_loops_ring

Skill      XL: |  1  2  3  4 |
---------------+-------------+-----
Throwing       | 1 |  1.0
Axes           | 3 |  3.0
Fighting       | |  3.8
Dodging        | |  3.0
Shields        | |  3.7

Action                   |  1- 3 |  4- 6 || total
-------------------------+-------+-------++-------
Melee: War axe           |    69 |    37 ||   106
       Constrict         |    19 |     6 ||    25
       Tentacles         |     9 |     8 ||    17
 Stab: Sleeping          |     1 |     3 ||     4
Armor: Skin              |    10 |     5 ||    15
Dodge: Dodged            |    68 |    27 ||    95
Block: Kite shield       |    53 |    31 ||    84

Table legend: (Time is in decaauts)
 A = Elapsed time spent in this place.
 B = Non-inter-level travel time spent in this place.
 C = Inter-level travel time spent in this place.
 D = Time resting spent in this place.
 E = Time spent auto-exploring this place.
 F = Levels seen in this place.
 G = Mean time per level.
                   A        B        C        D        E       F      G
               +--------+--------+--------+--------+--------+-----+--------+
         Total |   3206 |   3172 |     34 |   1195 |   1514 |   3 | 1068.7 |
       Dungeon |   3206 |   3172 |     34 |   1195 |   1514 |   3 | 1068.7 |
               +--------+--------+--------+--------+--------+-----+--------+

Top non-repeatable levels by time:
     D:1: 1668 daAuts
     D:2: 916 daAuts
     D:3: 620 daAuts
